[Event "Titled Tuesday Blitz April 25 Early 2023"]
[White "Petrova, Irina"]
[Black "Clawitter, Craig"]
[WhiteFideId "14124122"]
[BlackFideId "2023105"]
[WhiteElo "2084"]
[BlackElo "2222"]
[Result "1-0"]
[Round "03"]
[TimeControl "180+2"]
[Date "2023.04.25"]
[WhiteClock "0:02:34"]
[BlackClock "0:01:21"]

1. e4 e6 2. d4 d5 3. Nc3 Bb4 4. Ne2 dxe4 5. a3 Be7 6. g4 Nf6 7. g5 Nd5 8. Nxe4 Nd7 9. c4 N5b6 10. N2c3 c5 11. d5 Ne5 12. d6 Bf8 13. Nb5 1-0


[Site "https://www.chess.com"]

[Event "Titled Tuesday Blitz April 25 Early 2023"]
[White "Belenkaya, Dina"]
[Black "Amitpal, Singh"]
[WhiteFideId "24142654"]
[BlackFideId "5012899"]
[WhiteElo "2208"]
[BlackElo "2107"]
[Result "1-0"]
[Round "03"]
[TimeControl "180+2"]
[Date "2023.04.25"]
[WhiteClock "0:00:07"]
[BlackClock "0:00:01"]

1. Nf3 c5 2. g3 Nc6 3. Bg2 e5 4. e4 Nf6 5. Nc3 Be7 6. O-O O-O 7. d3 d5 8. Qe2 dxe4 9. dxe4 Nd4 10. Nxd4 cxd4 11. Nd5 Be6 12. Nxe7+ Qxe7 13. Bd2 Rac8 14. Rac1 Bc4 15. Qf3 Bxf1 16. Bxf1 Qe6 17. a3 Qg4 18. Qxg4 Nxg4 19. Bh3 f5 20. f3 Nf6 21. Bxf5 Rc6 22. Bb4 Rf7 23. Bd2 Rfc7 24. c3 g6 25. Bh3 Nd7 26. Rd1 Nb6 27. cxd4 exd4 28. Bf4 Re7 29. Rxd4 Rc2 30. Bd6 Re8 31. e5 Rxb2 32. f4 Kf7 33. Bg2 Nc8 34. Bd5+ Kg7 35. Bb4 Ne7 36. Bxb7 Nf5 37. Rd7+ Kh6 38. Bc6 Rc8 39. Bg2 Rc1+ 40. Bf1 Rbb1 41. Kf2 Rxf1+ 42. Ke2 Kh5 43. e6 Kg4 44. e7 Nxe7 45. Rxe7 Rh1 46. Rxa7 Rxh2+ 47. Kd3 Rb3+ 48. Kc4 Rxg3 49. Rd7 Rc2+ 50. Kb5 Kxf4 51. Bd6+ Kg4 52. Bxg3 Kxg3 53. Rxh7 g5 54. a4 g4 55. a5 Rb2+ 56. Kc6 Kf3 57. a6 Ra2 58. a7 g3 59. Rf7+ Ke2 60. Rg7 Kf3 61. Kb6 g2 62. Rf7+ 1-0


[Site "https://www.chess.com"]

[Event "Titled Tuesday Blitz April 25 Early 2023"]
[White "Senft, Sean"]
[Black "Floresvillar Gonzalez, Luis Migu"]
[WhiteFideId "2044960"]
[BlackFideId "5100542"]
[WhiteElo "1989"]
[BlackElo "2040"]
[Result "0-1"]
[Round "03"]
[TimeControl "180+2"]
[Date "2023.04.25"]
[WhiteClock "0:00:04"]
[BlackClock "0:00:43"]

1. d4 d5 2. c4 c6 3. Nc3 Nf6 4. Nf3 dxc4 5. a4 Bf5 6. Nh4 e6 7. Nxf5 exf5 8. Bg5 h6 9. Bxf6 Qxf6 10. e3 Qe6 11. a5 Bb4 12. Qa4 Na6 13. Be2 O-O 14. O-O Rfb8 15. Rfc1 b5 16. axb6 axb6 17. Bf3 b5 18. Qc2 Bxc3 19. bxc3 Nc7 20. Rxa8 Rxa8 21. Re1 Nd5 22. e4 fxe4 23. Bxe4 Qf6 24. g3 g6 25. Rb1 Rd8 26. Ra1 Rd7 27. Ra8+ Kg7 28. Qc1 Re7 29. f3 Qg5 30. Qxg5 hxg5 31. Bxd5 cxd5 32. Kf2 b4 33. cxb4 Rb7 34. Ra4 c3 35. Ke2 c2 36. Kd2 Rc7 37. Kc1 Rc4 38. Ra5 Rxd4 39. Kxc2 Rxb4 40. Rxd5 Ra4 41. Kb2 f5 42. Rd2 Rc4 43. Kb3 Rc1 44. Rf2 Kf6 45. Kb2 Rc6 46. Re2 Rc4 47. Kb3 Rc1 48. Kb4 g4 49. f4 Rh1 50. Kc4 Rd1 51. Kc3 Rd6 52. Rd2 Re6 0-1


[Site "https://www.chess.com"]

[Event "Titled Tuesday Blitz April 25 Early 2023"]
[White "a-z30"]
[Black "Larina, Maria"]
[BlackFideId "24113182"]
[WhiteElo "2396"]
[BlackElo "1848"]
[Result "1-0"]
[Round "03"]
[TimeControl "180+2"]
[Date "2023.04.25"]
[WhiteClock "0:00:21"]
[BlackClock "0:00:06"]

1. d3 f5 2. Nf3 Nf6 3. Bg5 e6 4. g3 Be7 5. Bg2 O-O 6. O-O h6 7. Bxf6 Bxf6 8. d4 d6 9. Nc3 c6 10. e4 e5 11. dxe5 dxe5 12. exf5 Bxf5 13. Nd2 g5 14. Nce4 Bg7 15. Nc4 Nd7 16. Ncd6 Bg6 17. Nxb7 Qc7 18. Nbd6 Rad8 19. Qe2 Nf6 20. Rad1 Nxe4 21. Nxe4 Qb6 22. b3 Rd4 23. c3 Rdd8 24. Rxd8 Rxd8 25. Rd1 Rxd1+ 26. Qxd1 Qc7 27. Qd3 Kh7 28. Qd6 Qxd6 29. Nxd6 Bb1 30. Be4+ Bxe4 31. Nxe4 Kg6 32. g4 h5 33. h3 hxg4 34. hxg4 Bf8 35. Kf1 Be7 36. Ke2 Kf7 37. Kd3 Ke6 38. Kc4 Kd7 39. f3 Kc7 40. b4 Kb6 41. a4 a5 42. Nd2 Bf8 43. Nb3 axb4 44. cxb4 Be7 45. a5+ Ka6 46. Nc5+ Bxc5 47. Kxc5 Kb7 48. a6+ Kxa6 49. Kxc6 Ka7 50. b5 Kb8 51. Kb6 Kc8 52. Ka7 Kc7 53. b6+ 1-0


[Site "https://www.chess.com"]

[Event "Titled Tuesday Blitz April 25 Early 2023"]
[White "Ruge, Edison"]
[Black "Alexikov, Alexander"]
[WhiteFideId "4401000"]
[BlackFideId "14103958"]
[WhiteElo "2175"]
[BlackElo "2186"]
[Result "0-1"]
[Round "03"]
[TimeControl "180+2"]
[Date "2023.04.25"]
[WhiteClock "0:00:16"]
[BlackClock "0:00:34"]

1. e4 c5 2. Nc3 Nc6 3. f4 d6 4. Nf3 e6 5. Bb5 Ne7 6. Bxc6+ Nxc6 7. d3 g6 8. O-O Bg7 9. Qe1 O-O 10. Kh1 a6 11. Be3 Nd4 12. Rc1 b5 13. Bxd4 cxd4 14. Ne2 e5 15. c3 dxc3 16. Rxc3 Be6 17. b3 Rc8 18. d4 Rxc3 19. Qxc3 exd4 20. Nexd4 Qc8 21. Rc1 Qxc3 22. Rxc3 Rc8 23. Rxc8+ Bxc8 24. Kg1 Bb7 25. e5 dxe5 26. Nxe5 Kf8 27. Kf2 Ke7 28. g3 f6 29. Nd3 Kd6 30. Ke3 f5 31. Nf3 Be4 32. Ng5 Bxd3 33. Kxd3 h6 34. Nf3 Bf6 35. h3 Kc5 36. a3 a5 37. g4 a4 38. bxa4 bxa4 39. g5 hxg5 40. fxg5 Be7 41. h4 Kd5 42. Nd4 Bxa3 43. Nb5 Bc5 44. Nc3+ Ke5 45. Nxa4 Bf2 46. h5 gxh5 47. g6 Kf6 48. Ke2 Bd4 49. Kd3 h4 50. Kxd4 h3 51. Nc3 h2 52. Nd5+ Kxg6 53. Nf4+ Kf7 0-1


[Site "https://www.chess.com"]

[Event "Titled Tuesday Blitz April 25 Early 2023"]
[White "Kiseleva, Arina"]
[Black "Mouhamad, Joachim"]
[WhiteFideId "4164989"]
[BlackFideId "656410"]
[WhiteElo "1708"]
[BlackElo "2125"]
[Result "0-1"]
[Round "03"]
[TimeControl "180+2"]
[Date "2023.04.25"]
[WhiteClock "0:00:01"]
[BlackClock "0:00:09"]

1. d4 d5 2. Nf3 e6 3. e3 Nf6 4. Bd3 b6 5. Nbd2 Bb7 6. O-O Nbd7 7. Ne5 Bd6 8. Ndf3 O-O 9. b3 c5 10. Bb2 Rc8 11. Nxd7 Qxd7 12. dxc5 bxc5 13. Ne5 Qc7 14. Ng4 Nxg4 15. Qxg4 f5 16. Qh5 Be5 17. Bxe5 Qxe5 18. c4 g6 19. Qh3 d4 20. exd4 Qxd4 21. Rad1 Qf4 22. Rfe1 e5 23. Qg3 Qxg3 24. hxg3 e4 25. Bc2 Rcd8 26. Kf1 Kg7 27. Ke2 Kf6 28. f4 exf3+ 29. gxf3 Rfe8+ 30. Kf2 Rxe1 31. Kxe1 Rxd1+ 32. Bxd1 Ke5 33. Kd2 f4 34. g4 Kd4 35. Be2 h5 36. gxh5 gxh5 37. a3 h4 38. b4 h3 39. Bf1 h2 40. Bg2 cxb4 41. axb4 Kxc4 42. b5 Kxb5 43. Kc3 Kc5 44. Bh1 a5 45. Kb3 Kd4 46. Ka4 Ke3 47. Kxa5 Bxf3 0-1


[Site "https://www.chess.com"]

[Event "Titled Tuesday Blitz April 25 Early 2023"]
[White "Travadon, Loic"]
[Black "Barria Santos, Jose Guilherme"]
[WhiteFideId "26092131"]
[BlackFideId "1939300"]
[WhiteElo "2405"]
[BlackElo "2266"]
[Result "1/2-1/2"]
[Round "03"]
[TimeControl "180+2"]
[Date "2023.04.25"]
[WhiteClock "0:00:48"]
[BlackClock "0:00:23"]

1. d4 Nf6 2. c4 g6 3. g4 Nxg4 4. e4 d6 5. Be2 Nf6 6. Nc3 Bg7 7. Bg5 O-O 8. Qd2 c5 9. Nf3 cxd4 10. Nxd4 Nc6 11. Nf3 Bg4 12. O-O-O Rc8 13. Bh6 a6 14. Bxg7 Kxg7 15. h4 Bxf3 16. Bxf3 Ne5 17. Be2 b5 18. h5 Nxc4 19. Bxc4 Rxc4 20. hxg6 fxg6 21. Qh6+ Kg8 22. e5 Nh5 23. Rxh5 gxh5 24. Rg1+ Rg4 25. Rxg4+ hxg4 26. Ne4 Qc8+ 27. Kd1 dxe5 28. Qg5+ Kh8 29. Qxe5+ Kg8 30. Qg5+ Kf7 31. Qh5+ Kg8 32. Qg5+ Kh8 33. Qe5+ Kg8 34. Qg5+ 1/2-1/2


[Site "https://www.chess.com"]

[Event "Titled Tuesday Blitz April 25 Early 2023"]
[White "Valle Maytin, Luis Enrique"]
[Black "dDobravcan"]
[WhiteFideId "3503666"]
[WhiteElo "2225"]
[BlackElo "2155"]
[Result "1-0"]
[Round "03"]
[TimeControl "180+2"]
[Date "2023.04.25"]
[WhiteClock "0:01:24"]
[BlackClock "0:00:04"]

1. d4 d6 2. Nf3 Bg4 3. h3 Bh5 4. g4 Bg6 5. Bg2 c6 6. Nh4 Nd7 7. c3 e5 8. Nxg6 hxg6 9. Nd2 g5 10. Qb3 Qb6 11. Nc4 Qxb3 12. axb3 exd4 13. Bxg5 dxc3 14. bxc3 Ngf6 15. Bf4 d5 16. Nd6+ Bxd6 17. Bxd6 a6 18. Ba3 O-O-O 19. O-O Rde8 20. e3 Ne4 21. c4 dxc4 22. bxc4 g5 23. Rfd1 Ndf6 24. f3 Nc3 25. Rd3 Na4 26. Rb1 1-0


[Site "https://www.chess.com"]

[Event "Titled Tuesday Blitz April 25 Early 2023"]
[White "Pandey Srishti"]
[Black "Jaivardhan Raj"]
[WhiteFideId "35093290"]
[BlackFideId "25744437"]
[WhiteElo "2083"]
[BlackElo "1772"]
[Result "0-1"]
[Round "03"]
[TimeControl "180+2"]
[Date "2023.04.25"]
[WhiteClock "0:00:07"]
[BlackClock "0:00:12"]

1. e4 c5 2. Nf3 e6 3. d4 cxd4 4. Nxd4 Nc6 5. Nc3 a6 6. Be3 Qc7 7. Qe2 Nf6 8. g4 Bb4 9. Bg2 Nxd4 10. Bxd4 e5 11. O-O-O exd4 12. Nd5 Nxd5 13. exd5+ Kf8 14. Rxd4 Bc5 15. Re1 g6 16. Rc4 Qd6 17. Qd2 f6 18. Qc3 b6 19. b4 Bxf2 20. Rf1 Bh4 21. Rxc8+ Rxc8 22. Qxc8+ Kg7 23. Qc4 Bg5+ 24. Kb1 Rc8 25. Qxc8 Qxb4+ 26. Ka1 Qd4+ 27. c3 Qd2 28. Bf3 Qc2 29. Qxd7+ Kh6 30. Qc6 Bc1 31. g5+ fxg5 32. Qxb6 Qxc3+ 33. Kb1 Bf4 34. Qb2 Qd3+ 35. Qc2 Qxf1+ 36. Kb2 Qxf3 37. Qc4 Be5+ 38. Kc2 Qf2+ 39. Kd3 Qf1+ 40. Ke4 Qxc4+ 41. Kxe5 Qxa2 42. d6 Qxh2+ 43. Ke6 Qxd6+ 44. Kxd6 a5 0-1


[Site "https://www.chess.com"]

[Event "Titled Tuesday Blitz April 25 Early 2023"]
[White "Flis, Pawel"]
[Black "Ansh M Shah"]
[WhiteFideId "1112864"]
[BlackFideId "25033379"]
[WhiteElo "1822"]
[BlackElo "2084"]
[Result "0-1"]
[Round "03"]
[TimeControl "180+2"]
[Date "2023.04.25"]
[WhiteClock "0:00:29"]
[BlackClock "0:00:30"]

1. e4 c6 2. d4 d5 3. exd5 cxd5 4. c4 Nf6 5. Nc3 Nc6 6. Nf3 Bg4 7. cxd5 Nxd5 8. Qb3 Bxf3 9. gxf3 e6 10. Qxb7 Nxd4 11. Bb5+ Nxb5 12. Qc6+ Ke7 13. Qxb5 Qd7 14. Qxd7+ Kxd7 15. Nxd5 exd5 16. Be3 Bb4+ 17. Ke2 Rhe8 18. Rhd1 Ke6 19. Rac1 Rec8 20. a3 Bd6 21. h3 Be5 22. Rxc8 Rxc8 23. Rc1 Rc4 24. b3 Rxc1 25. Bxc1 Bd4 26. Be3 Bxe3 27. fxe3 Ke5 28. Kd3 g5 29. b4 f5 30. a4 h5 31. b5 h4 32. a5 Kd6 33. e4 dxe4+ 34. fxe4 g4 35. exf5 gxh3 36. b6 axb6 37. axb6 h2 38. b7 Kc7 39. f6 h1=Q 40. b8=Q+ Kxb8 41. f7 Qf3+ 42. Kd4 Qxf7 0-1


[Site "https://www.chess.com"]

[Event "Titled Tuesday Blitz April 25 Early 2023"]
[White "Winkels, Marcel"]
[Black "Rudzinska, Michalina"]
[WhiteFideId "1003887"]
[BlackFideId "1172883"]
[WhiteElo "1900"]
[BlackElo "2219"]
[Result "1/2-1/2"]
[Round "03"]
[TimeControl "180+2"]
[Date "2023.04.25"]
[WhiteClock "0:00:28"]
[BlackClock "0:00:12"]

1. d4 Nf6 2. Nc3 d5 3. Bf4 e6 4. Nb5 Na6 5. e3 c6 6. Nc3 Bd6 7. Bxd6 Qxd6 8. Bxa6 bxa6 9. Nf3 c5 10. O-O O-O 11. Na4 c4 12. Nc5 Nd7 13. Nxd7 Bxd7 14. Ne5 f6 15. Nxd7 Qxd7 16. Qd2 f5 17. Qa5 Qc6 18. b3 Qb5 19. Qa3 Rac8 20. Qd6 Rc6 21. Qe5 Rfc8 22. h3 a5 23. Kh2 a4 24. bxa4 Qxa4 25. Rfb1 Qa6 26. Rb4 c3 27. Rab1 R8c7 28. Rb8+ Kf7 29. g4 Qe2 30. Qf4 g5 31. Qg3 Qxc2 32. R1b7 Rxb7 33. Rxb7+ Kg6 34. gxf5+ Qxf5 35. Qb8 Qxf2+ 36. Kh1 Qf1+ 37. Kh2 Qe2+ 38. Kh1 Qd1+ 39. Kh2 Qc2+ 40. Kh1 Qc1+ 41. Kh2 Qxe3 42. Qe8+ Kf5 43. Qxc6 Qf2+ 44. Kh1 Qe1+ 45. Kh2 Qd2+ 46. Kh1 Qe1+ 47. Kg2 Qe2+ 48. Kh1 Qf3+ 49. Kh2 Qf2+ 50. Kh1 Qf1+ 51. Kh2 Qf2+ 1/2-1/2


[Site "https://www.chess.com"]

[Event "Titled Tuesday Blitz April 25 Early 2023"]
[White "Avalos Parra, Joao"]
[Black "Vidruska, Renate"]
[WhiteFideId "3402541"]
[BlackFideId "11601841"]
[WhiteElo "2173"]
[BlackElo "1976"]
[Result "1-0"]
[Round "03"]
[TimeControl "180+2"]
[Date "2023.04.25"]
[WhiteClock "0:00:08"]
[BlackClock "0:00:01"]

1. d4 d5 2. c4 e6 3. Nf3 dxc4 4. e4 a6 5. Bxc4 b5 6. Bd3 Bb7 7. O-O c5 8. dxc5 Bxc5 9. a4 bxa4 10. Rxa4 Ne7 11. Qc2 Nd7 12. Nbd2 Rc8 13. Rc4 h6 14. b4 Bb6 15. Bb2 O-O 16. Rc1 Rxc4 17. Nxc4 Ba7 18. Qc3 Nf6 19. Re1 Qc7 20. Qb3 Rc8 21. Be5 Qd8 22. Nd6 Rc7 23. Nxb7 Rxb7 24. Bxa6 Bxf2+ 25. Kxf2 Qb6+ 26. Bd4 Qxa6 27. Ra1 Qb5 28. Ra8+ Kh7 29. Ne5 Nc6 30. Nxc6 Qxc6 31. Bxf6 gxf6 32. Qf3 Qc2+ 33. Kg3 Qc7+ 34. Kh3 Qe5 35. Qg3 Qxg3+ 36. Kxg3 Rxb4 37. Kf3 Kg7 38. Ra7 Rb3+ 39. Kf4 Rb2 40. Kf3 Kg6 41. h4 h5 42. Ra8 Rb5 43. Rg8+ Kh7 44. Rf8 Kg7 45. Rc8 f5 46. g3 fxe4+ 47. Kxe4 Kf6 48. Rh8 Ra5 49. Kf3 Kg6 50. Kf4 Ra4+ 51. Kf3 f6 52. Rg8+ Kf5 53. Re8 Ra3+ 54. Kg2 e5 55. Rg8 e4 56. Rh8 1-0


[Site "https://www.chess.com"]

[Event "Titled Tuesday Blitz April 25 Early 2023"]
[White "littlepillow2010"]
[Black "Steenbekkers, Franck"]
[BlackFideId "1004220"]
[WhiteElo "2364"]
[BlackElo "2103"]
[Result "1-0"]
[Round "03"]
[TimeControl "180+2"]
[Date "2023.04.25"]
[WhiteClock "0:00:04"]
[BlackClock "0:01:31"]

1. e4 c5 2. Nf3 Nc6 3. d4 cxd4 4. Nxd4 Nf6 5. Nc3 e5 6. Ndb5 d6 7. Bg5 a6 8. Na3 b5 9. Bxf6 gxf6 10. Nd5 Bg7 11. Bd3 Ne7 12. c4 f5 13. exf5 Nxd5 14. cxd5 O-O 15. O-O e4 16. Bxe4 Bxb2 17. Nc2 Bxa1 18. Qxa1 Qg5 19. f4 Qg7 20. f6 Qh6 21. Ne3 Kh8 22. Rf3 Rg8 23. Nf5 Qg6 24. Rg3 Bxf5 25. Rxg6 Bxg6 26. Bxg6 Rxg6 27. h3 Re8 28. g4 Re4 29. f5 Rg5 30. Kg2 h5 31. Qc1 Re2+ 32. Kf3 hxg4+ 33. Kxe2 Rxf5 34. Qh6+ Kg8 35. Qg7# 1-0


[Site "https://www.chess.com"]

[Event "Titled Tuesday Blitz April 25 Early 2023"]
[White "Buscar, Michael"]
[Black "Necula, Iulian"]
[WhiteFideId "2603616"]
[BlackFideId "1232380"]
[WhiteElo "2010"]
[BlackElo "1790"]
[Result "1-0"]
[Round "03"]
[TimeControl "180+2"]
[Date "2023.04.25"]
[WhiteClock "0:01:20"]
[BlackClock "0:00:23"]

1. e4 d6 2. Nf3 Nf6 3. Nc3 e5 4. d4 Nbd7 5. Bg5 Be7 6. h3 h6 7. Bh4 c6 8. dxe5 dxe5 9. Qd2 Qc7 10. O-O-O b5 11. Kb1 b4 12. Na4 Nxe4 13. Qe3 Bxh4 14. Nxh4 Nef6 15. Nf5 O-O 16. Qg3 Nh5 17. Nxh6+ Kh7 18. Qg5 gxh6 19. Bd3+ f5 20. Bxf5+ Rxf5 21. Qxf5+ Kg7 22. Qxh5 Nf6 23. Qf3 e4 24. Qe3 Bf5 25. Nc5 Qa5 26. g4 Bg6 27. g5 hxg5 28. Qxg5 Nd5 29. Rhg1 Qxc5 30. Qxg6+ Kf8 31. Qg8+ Ke7 32. Qxa8 Nc3+ 33. bxc3 bxc3 34. Qb7+ Ke6 35. Qd7+ Ke5 36. Rg5+ 1-0


[Site "https://www.chess.com"]

[Event "Titled Tuesday Blitz April 25 Early 2023"]
[White "Maranhao,Jose Renato Ruiz"]
[Black "Luukkonen, Tommi"]
[WhiteFideId "2135175"]
[BlackFideId "501808"]
[WhiteElo "1970"]
[BlackElo "2296"]
[Result "0-1"]
[Round "03"]
[TimeControl "180+2"]
[Date "2023.04.25"]
[WhiteClock "0:01:15"]
[BlackClock "0:01:37"]

1. e4 g6 2. d4 Bg7 3. Nc3 d6 4. f4 a6 5. Nf3 b5 6. a3 Nd7 7. Be2 Bb7 8. Be3 Ngf6 9. e5 Ng4 10. Bg1 c5 11. h3 Nh6 12. g4 cxd4 13. Bxd4 dxe5 14. fxe5 Nxe5 15. Nxe5 Bxh1 16. Bf3 Bxf3 17. Qxf3 O-O 18. O-O-O e6 19. g5 Nf5 20. h4 Nxd4 0-1


[Site "https://www.chess.com"]

[Event "Titled Tuesday Blitz April 25 Early 2023"]
[White "Maluco_do_Natal_00"]
[Black "Luong Phuong Hanh"]
[BlackFideId "12401013"]
[WhiteElo "2004"]
[BlackElo "2081"]
[Result "0-1"]
[Round "03"]
[TimeControl "180+2"]
[Date "2023.04.25"]
[WhiteClock "0:00:01"]
[BlackClock "0:00:47"]

1. e4 c5 2. Nf3 e6 3. d4 cxd4 4. Nxd4 a6 5. c4 Nf6 6. Nc3 Qc7 7. Be3 b6 8. Rc1 Bb7 9. Bd3 d6 10. O-O Nbd7 11. f3 Be7 12. Kh1 O-O 13. Qe1 Rac8 14. b3 Qb8 15. Qf2 Ne5 16. Bb1 Rfe8 17. Na4 Nfd7 18. Qg3 b5 19. cxb5 axb5 20. Nxb5 Ba6 21. Rxc8 Rxc8 22. Na7 Bxf1 23. Nxc8 Qxc8 24. Qe1 Ba6 25. Qd2 Qc6 26. h3 h6 27. f4 Ng6 28. Nb2 Nc5 29. Nc4 Bxc4 30. bxc4 Nxe4 31. Qd3 Ng3+ 32. Kh2 Nf5 0-1


[Site "https://www.chess.com"]

[Event "Titled Tuesday Blitz April 25 Early 2023"]
[White "Fernandez Garcia, Gumersindo"]
[Black "Castillo Pena, Patricia Evarista"]
[WhiteFideId "24516740"]
[BlackFideId "6412106"]
[WhiteElo "2093"]
[BlackElo "1919"]
[Result "1-0"]
[Round "03"]
[TimeControl "180+2"]
[Date "2023.04.25"]
[WhiteClock "0:00:19"]
[BlackClock "0:00:33"]

1. d4 d5 2. c4 c6 3. Nf3 Nf6 4. Nc3 e6 5. e3 Nbd7 6. b3 b6 7. Bb2 Bb7 8. Bd3 Bd6 9. O-O O-O 10. h3 e5 11. dxe5 Nxe5 12. cxd5 cxd5 13. Be2 Qe7 14. Nb5 Nxf3+ 15. Bxf3 Be5 16. Bxe5 Qxe5 17. Qd4 Qxd4 18. Nxd4 Ne4 19. Rfc1 Rfc8 20. a4 a6 21. b4 Nd2 22. Bg4 Rxc1+ 23. Rxc1 Nc4 24. Bf3 Rb8 25. b5 h6 26. bxa6 Bxa6 27. Bxd5 Nb2 28. Rc7 Nxa4 29. Bxf7+ Kh8 30. Nf5 Bd3 31. Be6 Bxf5 32. Bxf5 b5 33. Bc2 Nb2 34. e4 b4 35. e5 b3 36. Bb1 Nd1 37. e6 Re8 38. e7 Kg8 39. Bg6 Rxe7 40. Rxe7 Kf8 41. Re8# 1-0


[Site "https://www.chess.com"]

[Event "Titled Tuesday Blitz April 25 Early 2023"]
[White "Xie, Bryan"]
[Black "Lohani, Sujana"]
[WhiteFideId "30941296"]
[BlackFideId "12311987"]
[WhiteElo "2033"]
[BlackElo "1718"]
[Result "1-0"]
[Round "03"]
[TimeControl "180+2"]
[Date "2023.04.25"]
[WhiteClock "0:00:40"]
[BlackClock "0:00:02"]

1. e4 c6 2. d4 d5 3. Nc3 dxe4 4. Nxe4 Nf6 5. Nxf6+ exf6 6. c3 Bd6 7. Bd3 O-O 8. Qc2 Re8+ 9. Ne2 g6 10. Be3 b5 11. h4 f5 12. O-O-O b4 13. c4 Qa5 14. Kb1 f4 15. Bxf4 Bxf4 16. Nxf4 Nd7 17. h5 Qg5 18. hxg6 fxg6 19. Bxg6 hxg6 20. Nxg6 Nf6 21. Nh4 Kg7 22. Rde1 Rxe1+ 23. Rxe1 Qxh4 24. Re7+ Kf8 25. Re1 Bf5 26. Qxf5 Qxd4 27. g4 Rd8 28. g5 Qd2 29. Qxf6+ Kg8 30. Qe6+ Kh7 31. Rh1+ Kg7 32. Qf6+ 1-0


[Site "https://www.chess.com"]

[Event "Titled Tuesday Blitz April 25 Early 2023"]
[White "Lopez Del Alamo, Antonio"]
[Black "Sanchez, Robert"]
[WhiteFideId "2227339"]
[BlackFideId "2034360"]
[WhiteElo "2175"]
[BlackElo "1946"]
[Result "1-0"]
[Round "03"]
[TimeControl "180+2"]
[Date "2023.04.25"]
[WhiteClock "0:01:16"]
[BlackClock "0:01:28"]

1. e4 e6 2. d3 c5 3. Nf3 Nc6 4. g3 d6 5. Bg2 g6 6. O-O Bg7 7. c3 e5 8. a3 Nge7 9. b4 b6 10. b5 Nb8 11. c4 O-O 12. Nc3 h6 13. a4 f5 14. a5 bxa5 15. Qa4 Nd7 16. Qxa5 Nb6 17. Bd2 Bb7 18. Qa2 f4 19. Na4 g5 20. Ba5 Ng6 21. Bh3 Bc8 22. Bxc8 Rxc8 23. Bxb6 axb6 24. Nc3 Qd7 25. Kg2 g4 26. Nd2 Rf7 27. Nd5 Qd8 28. Qa6 Qg5 29. Qxc8+ Kh7 30. Rad1 Qh5 31. h4 Nxh4+ 32. gxh4 f3+ 33. Kg3 1-0


[Site "https://www.chess.com"]

[Event "Titled Tuesday Blitz April 25 Early 2023"]
[White "Vargas, Mauricio"]
[Black "Degtiarev, Evgeny"]
[WhiteFideId "4404572"]
[BlackFideId "4149610"]
[WhiteElo "1998"]
[BlackElo "2284"]
[Result "0-1"]
[Round "03"]
[TimeControl "180+2"]
[Date "2023.04.25"]
[WhiteClock "0:00:01"]
[BlackClock "0:00:33"]

1. e4 e5 2. Nf3 Nc6 3. d4 exd4 4. Bc4 Bc5 5. c3 Nf6 6. e5 d5 7. Bb5 Ne4 8. Nxd4 O-O 9. Bxc6 bxc6 10. O-O Ba6 11. Re1 Re8 12. f3 Ng5 13. Bd2 Bb6 14. Qc1 Ne6 15. Be3 c5 16. Nb3 d4 17. Rd1 Be2 18. Rd2 d3 19. Na3 Qd5 20. Qe1 Qxe5 21. Qf2 Rad8 22. Nc4 Qh5 23. Nxb6 cxb6 24. Re1 f5 25. Rdxe2 dxe2 26. Qxe2 Nf4 27. Qc4+ Nd5 28. Kf2 Qf7 29. Nd2 f4 0-1


[Site "https://www.chess.com"]

[Event "Titled Tuesday Blitz April 25 Early 2023"]
[White "Mammadov, Ziya"]
[Black "Szente Varga, Fruzsina"]
[WhiteFideId "13418890"]
[BlackFideId "712264"]
[WhiteElo "1583"]
[BlackElo "1994"]
[Result "0-1"]
[Round "03"]
[TimeControl "180+2"]
[Date "2023.04.25"]
[WhiteClock "0:00:06"]
[BlackClock "0:01:11"]

1. e4 Nf6 2. Nc3 d5 3. exd5 Nxd5 4. Nxd5 Qxd5 5. d4 g6 6. Nf3 Bg7 7. c4 Qe4+ 8. Be2 O-O 9. O-O Nc6 10. Be3 Bg4 11. h3 Bxf3 12. Bxf3 Qf5 13. g4 Qd7 14. d5 Ne5 15. Bg2 Nxc4 16. Bd4 Nd6 17. Bxg7 Kxg7 18. Qd4+ Kg8 19. Rfe1 Rad8 20. Qe5 Rfe8 21. Rac1 e6 22. Qf6 exd5 23. Bxd5 Rxe1+ 24. Rxe1 Re8 25. Rd1 Qe7 26. Qc3 Qe2 27. Rf1 c6 28. Bb3 Qe5 29. Qd2 Nb5 30. Qd7 Re7 31. Qd8+ Kg7 32. Qd2 Nd4 33. Qd3 Ne2+ 34. Kh1 Nf4 35. Qg3 Qe4+ 36. f3 Qe2 37. Rf2 Qe1+ 38. Kh2 Ne2 39. Qg2 Nd4 40. Bc4 Qe5+ 41. f4 Qe3 42. Qg3 b5 43. Bb3 Nxb3 44. axb3 Qxg3+ 45. Kxg3 Re3+ 46. Rf3 Rxf3+ 47. Kxf3 f5 48. g5 Kf7 49. Ke3 c5 50. Kd3 Ke6 51. Kc3 a5 52. Kd3 Kd5 53. Ke3 c4 54. bxc4+ Kxc4 55. Kd2 Kd4 56. Kc2 a4 57. Kd2 b4 58. Kc2 Ke4 59. b3 a3 60. Kb1 Kxf4 61. Kc2 Ke3 62. Kd1 f4 63. Kc2 f3 64. h4 f2 65. h5 f1=Q 66. h6 Qd3+ 67. Kc1 Qd2+ 68. Kb1 Qb2# 0-1


[Site "https://www.chess.com"]

[Event "Titled Tuesday Blitz April 25 Early 2023"]
[White "Nakamura, Hikaru"]
[Black "Mitrabha, Guha"]
[WhiteFideId "2016192"]
[BlackFideId "5057000"]
[WhiteElo "2885"]
[BlackElo "2507"]
[Result "1-0"]
[Round "04"]
[TimeControl "180+2"]
[Date "2023.04.25"]
[WhiteClock "0:00:18"]
[BlackClock "0:00:21"]

1. Nf3 Nf6 2. e3 d5 3. c4 c6 4. b3 g6 5. Bb2 Bg7 6. d4 O-O 7. Bd3 Bg4 8. Nbd2 Nbd7 9. h3 Bxf3 10. Nxf3 Qa5+ 11. Ke2 Rfe8 12. Qc2 Nh5 13. g4 Nhf6 14. Rac1 Qd8 15. b4 dxc4 16. Bxc4 Nd5 17. Qb3 e6 18. b5 a6 19. bxc6 bxc6 20. Ba1 Qa5 21. Rhd1 Rab8 22. Qc2 Rec8 23. Qd2 Qa3 24. Qd3 Qa5 25. Qd2 Qa3 26. Bb3 Qd6 27. Kf1 N7f6 28. Ne5 h5 29. Kg2 hxg4 30. hxg4 Nd7 31. e4 N5f6 32. f3 Ne8 33. Nc4 Qe7 34. Bb2 c5 35. Ba3 Qf6 36. e5 Qe7 37. d5 exd5 38. Qxd5 Nxe5 39. Nxe5 Bxe5 40. Re1 Rd8 41. Qxe5 Rd2+ 42. Kg3 Qa7 43. Bxc5 Qb7 44. Bd4 1-0


[Site "https://www.chess.com"]

[Event "Titled Tuesday Blitz April 25 Early 2023"]
[White "Demchenko, Anton"]
[Black "Naroditsky, Daniel"]
[WhiteFideId "4160258"]
[BlackFideId "2026961"]
[WhiteElo "2545"]
[BlackElo "2633"]
[Result "1/2-1/2"]
[Round "04"]
[TimeControl "180+2"]
[Date "2023.04.25"]
[WhiteClock "0:00:31"]
[BlackClock "0:00:35"]

1. e4 c5 2. Nc3 d6 3. Bb5+ Bd7 4. a4 Nf6 5. f4 Nc6 6. Nf3 e6 7. O-O Be7 8. e5 dxe5 9. fxe5 Nd5 10. Nxd5 exd5 11. d3 O-O 12. Bf4 a6 13. Bxc6 Bxc6 14. d4 Qd7 15. c3 b5 16. axb5 axb5 17. Qd2 h6 18. dxc5 Bxc5+ 19. Be3 Bxe3+ 20. Qxe3 Qe7 21. Rae1 b4 22. Nd4 Bd7 23. Rf3 bxc3 24. bxc3 Ra6 25. Rg3 Re8 26. h3 Kh8 27. Rf3 Kg8 28. Rg3 Kh8 29. Rf3 Kg8 30. Rg3 1/2-1/2


[Site "https://www.chess.com"]

[Event "Titled Tuesday Blitz April 25 Early 2023"]
[White "Movahed, Sina"]
[Black "Caruana, Fabiano"]
[WhiteFideId "42520835"]
[BlackFideId "2020009"]
[WhiteElo "2225"]
[BlackElo "2837"]
[Result "0-1"]
[Round "04"]
[TimeControl "180+2"]
[Date "2023.04.25"]
[WhiteClock "0:00:01"]
[BlackClock "0:01:06"]

1. e4 e5 2. Nf3 Nc6 3. Bb5 a6 4. Ba4 Nf6 5. O-O b5 6. Bb3 Bc5 7. c3 d6 8. a4 Rb8 9. d4 Bb6 10. a5 Ba7 11. h3 O-O 12. Be3 Ra8 13. Re1 h6 14. Nbd2 Re8 15. g4 exd4 16. cxd4 Nb4 17. g5 Nxe4 18. Nxe4 Rxe4 19. gxh6 d5 20. Ng5 Bf5 21. Qf3 Bg6 22. h7+ Kh8 23. Nxe4 dxe4 24. Qg4 Nd3 25. Re2 Bxd4 26. Rd1 c5 27. Bxd4 Qxd4 28. Bc2 c4 29. b3 Qc5 30. Qh4 Rc8 31. bxc4 bxc4 32. Re3 Qxa5 33. Qg4 Qc5 0-1


[Site "https://www.chess.com"]